 Dungeon Crawl Stone Soup version 0.19.1-1-g22dce08 (webtiles) character file.

739 markt42 the Cudgeler (level 7, -2/44 HPs)
             Began as a Gargoyle Fighter on Jan 1, 2017.
             Was a Follower of Okawaru.
             Slain by an ogre
             ... wielding a +0 giant club
              (12 damage)
             ... on level 5 of the Dungeon.
             The game lasted 00:04:06 (3548 turns).

markt42 the Cudgeler (Gargoyle Fighter)             Turns: 3548, Time: 00:04:06

Health: -2/44      AC: 16    Str: 22    XL:     7   Next: 75%
Magic:  0/16       EV:  6    Int:  8    God:    Okawaru [*.....]
Gold:   222        SH: 10    Dex: 12    Spells: 0 memorised, 6 levels left

rFire  . . .     SeeInvis .     a - +0 flail
rCold  . . .     Gourm    .     r - +0 chain mail
rNeg   + . .     Faith    .     c - +0 shield
rPois  ∞         Spirit   +     h - +0 helmet
rElec  +         Reflect  .     (no cloak)
rCorr  .         Harm     .     o - +0 pair of gloves
MR     .....                    (no boots)
Stlth  ..........               i - amulet of guardian spirit
                                l - ring of magical power
                                z - +3 ring of dexterity

@: no status effects
A: negative energy resistance 1, electricity resistance, unbreathing,
petrification resistance, rot immunity, AC +4
a: Heroism, Renounce Religion


You were on level 5 of the Dungeon.
You worshipped Okawaru.
Okawaru was aware of your devotion.
You were hungry.

You visited 2 branches of the dungeon, and saw 6 of its levels.

You collected 222 gold pieces.

Inventory:

Hand Weapons
 a - a +0 flail (weapon)
Armour
 b - a +0 scale mail
 c - a +0 shield (worn)
 h - a +0 helmet (worn)
 o - a +0 pair of gloves (worn)
 r - a +0 chain mail (worn)
Jewellery
 i - an amulet of guardian spirit (around neck)
 l - a ring of magical power (right hand)
 s - an uncursed ring of protection from fire
 y - an uncursed amulet of rage
 z - a +3 ring of dexterity (left hand)
Wands
 A - a wand of paralysis (15/24)
Scrolls
 d - a scroll of identify
 e - a scroll of enchant armour {unknown}
 g - 2 scrolls of remove curse
 j - a scroll of recharging
 k - a scroll of amnesia {unknown}
 t - a scroll of blinking {unknown}
 u - a scroll of random uselessness {unknown}
 w - a scroll of teleportation {unknown}
Potions
 n - a potion of cure mutation {unknown}
 p - a potion of lignification {unknown}
 v - 2 potions of curing {unknown}
Comestibles
 f - 3 bread rations
 m - 4 fruits
 q - 3 beef jerkies
 x - a meat ration


   Skills:
 + Level 4.4 Fighting
 * Level 6.6 Maces & Flails
 + Level 4.6 Armour
 + Level 1.0 Dodging
 + Level 4.6 Shields


You had 6 spell levels left.
You didn't know any spells.

Dungeon Overview and Level Annotations

Branches:
Dungeon (5/15)             Temple (1/1) D:4

Altars:
Ashenzari
Cheibriados
Dithmenos
Elyvilon
Fedhas
Gozag
Hepliaklqana
Kikubaaqudgha
Makhleb
Nemelex Xobeh
Okawaru
Qazlal
Ru
Sif Muna
Trog
Uskayaw
Vehumet
Xom
Yredelemnul
Zin
The Shining One


Innate Abilities, Weirdness & Mutations

You are resistant to torment.
Your stone body is resilient. (AC +4)
You are immune to poison.
You resist negative energy. (rN+)
You are resistant to electric shocks. (rElec)
You can survive without breathing.
You are immune to petrification.
You are immune to rotting.


Message History

The phantom is heavily damaged.
You block the phantom's attack. The ogre hits you but does no damage.
You block the phantom's attack.
You sock the ogre!
The ogre is moderately wounded.
You block the ogre's attack.
The phantom hits you but does no damage.
You hit the ogre.
The ogre is heavily wounded.
You hear the rapid rusting of a distant drain.
The phantom hits you but does no damage.
The ogre hits you with a giant club!
* * * LOW HITPOINT WARNING * * *
You hit the ogre.
The ogre is heavily wounded.
The phantom barely misses you.
You hit the ogre but do no damage.
The ogre is heavily wounded.
The ogre hits you with a giant club!
You die...

.......................#.
.........................
.<.......................
?.................(......
......W.............[..#>
.......................##
........##l.............#
.......##W.#............#
?....###@O###.##.........
....###..## #.##.........
...###..## #.##.........
####..## #..##........
.##....## ###.......<....
.........###....##....
#..............## ...
######..######.# .. ##.#
#.# .


You could see a phantom, an ogre and a leopard gecko.

Vanquished Creatures
  Menkaure (D:4)
  A phantom (D:5)
  An ogre (D:4)
  A scorpion (D:5)
  A hound (D:5)
  2 orc wizards (D:4)
  Jessica (D:3)
  An iguana (D:3)
  A worker ant (D:5)
  A worker ant zombie (D:5)
  3 gnolls (D:4)
  9 adders
  An adder skeleton (D:5)
  2 worms
  4 dart slugs
  3 leopard geckos (D:1)
  17 orcs
  5 bats
  2 giant cockroaches (D:2)
  10 goblins
  3 hobgoblins
  7 jackals
  10 kobolds
  A quokka (D:2)
  3 frilled lizards
  A quokka skeleton (D:5)
  10 rats
102 creatures vanquished.

Notes
Turn   | Place    | Note
-------+----------+-------------------------------------------
     0 | D:1      | markt42 the Gargoyle Fighter began the quest for the Orb.
     0 | D:1      | Reached XP level 1. HP: 14/14 MP: 1/1
    87 | D:1      | Reached XP level 2. HP: 17/19 MP: 2/2
   440 | D:1      | Reached XP level 3. HP: 22/23 MP: 3/3
   976 | D:2      | Reached skill level 3 in Maces & Flails
   976 | D:2      | Reached XP level 4. HP: 28/28 MP: 4/4
  1595 | D:3      | Reached XP level 5. HP: 18/32 MP: 5/5
  1844 | D:3      | Reached skill level 4 in Maces & Flails
  1981 | D:3      | Noticed Jessica
  2015 | D:3      | Killed Jessica
  2270 | D:4      | Found a staircase to the Ecumenical Temple.
  2280 | Temple   | Entered the Ecumenical Temple
  2419 | Temple   | Became a worshipper of Warmaster Okawaru
  2439 | D:4      | Reached XP level 6. HP: 36/38 MP: 6/6
  2662 | D:4      | Reached skill level 5 in Maces & Flails
  2662 | D:4      | Reached skill level 1 in Dodging
  2811 | D:4      | Reached * piety under Okawaru
  2922 | D:5      | Entered Level 5 of the Dungeon
  2922 | D:5      | Noticed Menkaure
  2933 | D:4      | Killed Menkaure
  2933 | D:4      | Reached XP level 7. HP: 12/43 MP: 4/7
  3139 | D:5      | Reached skill level 6 in Maces & Flails
  3548 | D:5      | Slain by an ogre

Skill      XL: |  1  2  3  4  5  6  7 |
---------------+----------------------+-----
Maces & Flails | 3 4 5 6 |  6.6
Armour         | 4 |  4.6
Shields        | 4 |  4.6
Fighting       | 4 |  4.4
Dodging        | 1 |  1.0

Action                   |  1- 3 |  4- 6 |  7- 9 || total
-------------------------+-------+-------+-------++-------
Melee: Flail             |   124 |   274 |    69 ||   467
  Use: Scroll            |       |     3 |       ||     3
       Potion            |       |     1 |       ||     1
  Eat: Chunk             |       |     7 |     2 ||     9
Armor: Scale mail        |   124 |    43 |       ||   167
       Chain mail        |       |   109 |    41 ||   150
Dodge: Dodged            |    56 |    69 |    14 ||   139
Block: Shield            |   101 |   142 |    44 ||   287
